 Dungeon Crawl Stone Soup version 0.28-a0-1485-g077359a4bf (webtiles) character file.

Game seed: 15639700996447467804

26 funkygono the Slasher (level 3, 0/29 HPs)
             Began as a Human Cinder Acolyte on Jan 11, 2022.
             Was an Elder of Ignis.
             Slain by a gnoll (3 damage)
             ... on level 2 of the Dungeon.
             The game lasted 00:01:10 (896 turns).

funkygono the Slasher (Human Cinder Acolyte)         Turns: 896, Time: 00:01:11

Health: 0/29       AC: 12    Str: 16    XL:     3   Next: 22%
Magic:  4/4        EV: 10    Int: 14    God:    Ignis [****..]
Gold:   15         SH:  0    Dex:  8    Spells: 2/4 levels left

rFire   + + .      SeeInvis .   a - -1 falchion (flame)
rCold   + . .      Faith    .   (no shield)
rNeg    . . .      Spirit   .   e - +0 ring mail
rPois   .          Reflect  .   (no helmet)
rElec   .          Harm     .   d - scarf {rC+ rF+}
rCorr   .          Rampage  .   (no gloves)
Will    .....                   (no boots)
Stlth   ..........              (no amulet)
HPRegen 0.09/turn               (no ring)
MPRegen 0.09/turn               (no ring)

@: fiery-armoured
A: no striking features
a: Renounce Religion, Fiery Armour, Foxfire Swarm, Rising Flame


You were on level 2 of the Dungeon.
You worshipped Ignis.
Ignis was greatly pleased with you.
You visited 1 branch of the dungeon, and saw 2 of its levels.

You collected 15 gold pieces.

Inventory:

Hand Weapons
 a - a -1 falchion of flaming (weapon)
Armour
 b - a +0 robe
 d - a scarf of resistance (worn)
 e - a +0 ring mail (worn)
Potions
 c - 2 potions of mutation


   Skills:
 + Level 3.1 Fighting
 + Level 3.5 Long Blades
 + Level 0.4 Armour
 + Level 1.1 Spellcasting
 + Level 3.4 Fire Magic


You had 2 spell levels left.
You knew the following spells:

 Your Spells              Type           Power      Damage    Failure   Level
a - Scorch                Fire           20%        2d6       19%         2

Your spell library contained the following spells:

 Spells                   Type           Power      Damage    Failure   Level


Dungeon Overview and Level Annotations

Branches:
Dungeon (2/15)

Altars:


Message History

Done exploring.
Done exploring.
As you read the scroll labelled HATZIK ARRE, it crumbles to dust.
It is a scroll of identify.
c - 2 potions of mutation
(D) Dungeon
Where to? (? - help)
What level of the Dungeon? (default 1, ? - help)
There is a stone staircase leading down here.
You climb downwards.
There is a stone staircase leading up here.
Found a crystal spear.
You see here the +8 spear "Ligegypt" {flame, Dex+3}.
You enter the shallow water.
Moving in this stuff is going to be slow.
A gnoll comes into view. It is wielding a +0 halberd.
Found 18 bolts.
The gnoll shouts!
A protective cloak of flame settles atop you.
A gnoll comes into view. It is wielding a +0 flail.
A gnoll comes into view. It is wielding a +0 spear.
The gnoll shouts!
The gnoll hits you from afar with a +0 halberd!
Found a stone staircase leading down.
The gnoll hits you with a +0 halberd!
The gnoll is burned by your cloak of flames.
The gnoll is moderately wounded.
You completely miss the gnoll.
The gnoll is moderately wounded.
The gnoll closely misses you.
You barely miss the gnoll.
The gnoll is moderately wounded.
The gnoll closely misses you.
You hit the gnoll but do no damage. The gnoll hits you but does no damage.
You barely miss the gnoll. The gnoll hits you with a +0 flail!
* * * LOW HITPOINT WARNING * * *
The gnoll is burned by your cloak of flames.
The gnoll is moderately wounded.
The gnoll hits you from afar with a +0 halberd.
You die...

..............#
.######.#######
+..........#
...######.###.#
.......<....#.#
######....#.#.#
.######.#.##.#.#
=............#.#
>######@#.####.#
#g#......#
#g########
.......g#
........#
........#
...(....#
........#
........#


You could see 3 gnolls.

Vanquished Creatures
  2 dart slugs (D:1)
  2 endoplasms (D:1)
  3 giant cockroaches (D:1)
  A goblin (D:1)
  2 hobgoblins (D:1)
  2 quokkas (D:1)
  3 ball pythons (D:1)
  3 frilled lizards (D:1)
  3 kobolds (D:1)
21 creatures vanquished.

Notes
Turn   | Place    | Note
-------+----------+-------------------------------------------
     0 | D:1      | funkygono the Human Cinder Acolyte began the quest for the
                  | Orb.
     0 | D:1      | Reached XP level 1. HP: 18/18 MP: 2/2
   171 | D:1      | Reached XP level 2. HP: 11/24 MP: 3/3
   174 | D:1      | Learned a level 2 spell: Scorch
   507 | D:1      | Reached XP level 3. HP: 25/29 MP: 4/4
   832 | D:2      | Identified the +8 spear "Ligegypt" {flame, Dex+3}
   896 | D:2      | Slain by a gnoll

Illustrated notes

Levels and vault maps discovered:
D:1:      psy_arrival_statuary, layout_basic
D:2:      layout_basic, serial_bayou, serial_bayou_pond_b, serial_bayou_lake_a,
          serial_bayou_pond_d, serial_bayou_pond_d

Action                   || total
-------------------------++-------
Melee: Falchion          ||    39
       Punch             ||     1
 Cast: Scorch            ||     3
Invok: Fiery Armour      ||     3
  Use: Scroll            ||     1
Armor: Robe              ||     3
       Ring mail         ||    14
Dodge: Dodged            ||    16

Table legend: (Time is in decaauts)
 A = Elapsed time spent in this place.
 B = Non-inter-level travel time spent in this place.
 C = Inter-level travel time spent in this place.
 D = Time resting spent in this place.
 E = Time spent auto-exploring this place.
 F = Levels seen in this place.
 G = Mean time per level.
                   A        B        C        D        E       F      G
               +--------+--------+--------+--------+--------+-----+--------+
         Total |    902 |    889 |     13 |      0 |    716 |   2 |  451.0 |
       Dungeon |    902 |    889 |     13 |      0 |    716 |   2 |  451.0 |
               +--------+--------+--------+--------+--------+-----+--------+

Top non-repeatable levels by time:
     D:1: 824 daAuts
     D:2: 78 daAuts
